 Dungeon Crawl Stone Soup version 0.29.0-7-g18a832c13a (webtiles) character file.

Game seed: 2724662193956236811

0 flotson the Sneak (level 1, -3/18 HPs)
             Began as a Demonspawn Delver on Aug 30, 2022.
             Was an Initiate of Fedhas.
             Slain by a gnoll
             ... wielding a +0 halberd
              (11 damage)
             ... on level 4 of the Dungeon.
             The game lasted 00:00:43 (310 turns).

flotson the Sneak (Demonspawn Delver)                Turns: 310, Time: 00:00:44

Health: -3/18      AC:  3    Str: 12    XL:     1   Next: 8%
Magic:  1/1        EV: 11    Int: 11    God:    Fedhas [......]
Gold:   12         SH:  0    Dex: 14    Spells: 0/0 levels left

rFire   . . .      SeeInvis .   a - +0 hand axe
rCold   . . .      Faith    .   (no shield)
rNeg    . . .      Spirit   .   b - +0 leather armour
rPois   .          Reflect  .   (no helmet)
rElec   .          Harm     .   (no cloak)
rCorr   .          Rampage  .   (no gloves)
Will    .....                   (no boots)
Stlth   ++........              (no amulet)
HPRegen 0.06/turn               i - ring of flight
MPRegen 0.07/turn               (no ring)

@: flying
A: no striking features
a: Renounce Religion


You were on level 4 of the Dungeon.
You worshipped Fedhas.
Fedhas was noncommittal.
You visited 1 branch of the dungeon, and saw 2 of its levels.

You collected 12 gold pieces.

Inventory:

Hand Weapons
 a - a +0 hand axe (weapon)
Armour
 b - a +0 leather armour (worn)
Jewellery
 i - a ring of flight (left hand)
Wands
 g - a wand of digging (3)
Scrolls
 c - a scroll of fog
Potions
 f - a potion of haste
 h - a potion of berserk rage {unknown}
 j - a potion of heal wounds {unknown}


   Skills:
 + Level 3.0 Fighting
 + Level 1.7 Axes
 + Level 0.0 Armour
 + Level 1.7 Dodging
 - Level 4.5 Stealth
 + Level 0.0 Evocations


You couldn't memorise any spells.
You didn't know any spells.
Your spell library was empty.

Dungeon Overview and Level Annotations

Branches:
Dungeon (5/15)
 Temple: D:4-7

Altars:
Fedhas
Qazlal

Annotations:
D:5 1 transporter, Kazon's ghost, novice DgFi


Message History

Found 20 gold pieces.
The ogre shouts!
Kazon's ghost turns its malevolent gaze towards you.
You hear a shout!
Kazon's ghost makes a sound of rattling chains.
Found a stone staircase leading up.
There is a stone staircase leading up here.
You start resting.
HP restored.
You fly upwards.
The kobold shouts!
The hobgoblin shouts!
You hear a shout! x2
Found 7 gold pieces and a rapier.
There is a stone staircase leading down here.
The kobold barely misses you.
You hit the kobold.
You kill the kobold!
Fedhas appreciates your contribution to the ecosystem.
You barely miss the hobgoblin. The hobgoblin closely misses you.
You closely miss the hobgoblin. The hobgoblin hits you.
You hit the hobgoblin.
The hobgoblin is almost dead.
A gnoll comes into view. It is wielding a +0 halberd.
The hobgoblin closely misses you.
You barely miss the hobgoblin.
The hobgoblin is severely wounded.
The hobgoblin barely misses you.
You barely miss the hobgoblin.
The hobgoblin is severely wounded.
The hobgoblin closely misses you.
A gnoll comes into view. It is wielding a +0 spear.
The hobgoblin misses you.
A jelly comes into view.
The gnoll hits you from afar with a +0 halberd!
The jelly quivers.
The hobgoblin barely misses you.
There is a stone staircase leading down here.
The gnoll hits you from afar with a +0 halberd!
Ouch! That really hurt!
You die...
Fedhas appreciates your contribution to the ecosystem.

# .# ###.####
#@g..$.#
#.#.##)#
......g......#
#.g.###..###.#
#. #..# ..
#... # ##J##
.# .#


You could see a jelly, a gnoll and a hobgoblin.

Vanquished Creatures
  A kobold (D:4)
1 creature vanquished.

Vanquished Creatures (others)
  5 fungi (D:5)
  2 plants (D:5)
7 creatures vanquished.

Grand Total: 8 creatures vanquished

Notes
Turn   | Place    | Note
-------+----------+-------------------------------------------
     0 | D:5      | flotson the Demonspawn Delver began the quest for the Orb.
     0 | D:5      | Reached XP level 1. HP: 18/18 MP: 1/1
     0 | D:5      | Found a blossoming altar of Fedhas.
     3 | D:5      | Found a transporter.
    24 | D:5      | Found a stormy altar of Qazlal.
    42 | D:5      | Noticed a centaur
    43 | D:5      | Became a worshipper of Fedhas Madash
    56 | D:5      | Noticed Kazon's ghost (novice DgFi)
    57 | D:5      | Noticed an ogre
    58 | D:5      | Noticed an ogre
   308 | D:4      | Noticed a jelly
   310 | D:4      | Slain by a gnoll

Illustrated notes

Levels and vault maps discovered:
D:4:      layout_loops_cross, nzn_overflow_gifts_of_might_and_magic,
          temple_doors_e
D:5:      layout_loops_ring, grunt_temple_overflow_forces_of_nature,
          mainiacjoe_overflow_catch_the_wave, gammafunk_ghost_smash

Action                   || total
-------------------------++-------
Melee: Hand axe          ||     5
  Use: Scroll            ||     2
Dodge: Dodged            ||     7
